[Event "*** Titled Tuesday Blitz"]
[Site "Chess.com"]
[Date "2019.12.03"]
[Round "6"]
[White "matiss90"]
[Black "Marcin"]
[Result "1-0"]
[WhiteElo "2569"]
[BlackElo "2365"]
[TimeControl "180+2"]
[EndTime "14:19:05 PST"]
[Termination "matiss90 won by resignation"]

1. e4 c5 2. Nf3 e6 3. d4 cxd4 4. Nxd4 Nc6 5. Nc3 Qc7 6. Be2 a6 7. O-O Nf6 8. Re1 b5 9. Bf3 Ne5 10. Bf4 Bb7 11. Nd5 exd5 12. Bxe5 Qb6 13. exd5 O-O-O 14. a4 Bd6 15. Bxd6 Qxd6 16. axb5 axb5 17. Nxb5 Qc5 18.
c4 Rhe8 19. Rf1 d6 20. b4 Qxb4 21. Na7+ Kb8 22. Rb1 Qxc4 23. Nc6+ Kc7 24. Rc1 Qb5 25.
Nd4+ 1-0

[Event "*** Titled Tuesday Blitz"]
[Site "Chess.com"]
[Date "2019.12.03"]
[Round "6"]
[White "ChessBitl"]
[Black "riconaipe"]
[Result "0-1"]
[WhiteElo "2375"]
[BlackElo "2590"]
[TimeControl "180+2"]
[EndTime "14:19:15 PST"]
[Termination "riconaipe won by checkmate"]

1. e4 e6 2. d4 d5 3. Nd2 dxe4 4. Nxe4 Bd7 5. Nf3 Bc6 6. Bd3 Be7 7. O-O Nf6 8. Ng3 O-O 9. c4 Bxf3 10. Qxf3 Nc6 11. Ne2 Nxd4 12. Nxd4 Qxd4 13. Rd1 Qg4 14. Qxg4 Nxg4 15.
Be4 Bc5 16. Be3 Nxe3 17. fxe3 Bxe3+ 18. Kf1 c6 19. Rd7 Rab8 20. Ke2 Bb6 21. b4 Rfd8 22. Rad1 Rxd7 23. Rxd7 Rd8 24. Rxb7 c5 25. b5 g6 26. a4 Rd4 27. Bd3 e5 28. a5 Bxa5 29. Rxa7 Bd8 30. Rb7 e4 31. Bb1 Rxc4 32. Ke3 Bg5+ 33.
Ke2 Rb4 34. Bc2 Rb2 35. Kd1 e3 36. h4 Bxh4 37. Rb8+ Kg7 38. Re8 Bg5 39. Be4 e2+ 40. Ke1 Bh4+ 41. g3 Bxg3# 0-1

[Event "*** Titled Tuesday Blitz"]
[Site "Chess.com"]
[Date "2019.12.03"]
[Round "6"]
[White "MatthewG-p4p"]
[Black "Firouzja2003"]
[Result "0-1"]
[WhiteElo "2782"]
[BlackElo "3155"]
[TimeControl "180+2"]
[EndTime "14:19:19 PST"]
[Termination "Firouzja2003 won by resignation"]

1. Nf3 d5 2. b3 c5 3. Bb2 Nf6 4.
e3 e6 5. d4 a6 6. Be2 cxd4 7.
Nxd4 e5 8. Nf3 Bb4+ 9. c3 Bd6 10. O-O Qc7 11. h3 e4 12. Nd4 Qe7 13. Qd2 Qe5 14.
f4 exf3 15. Nxf3 Qg3 16. Qe1 Qg6 17. Qh4 h6 18. Qd4 Bxh3 19. Nh4 Qg3 20. Rf4 Nc6 0-1

[Event "*** Titled Tuesday Blitz"]
[Site "Chess.com"]
[Date "2019.12.03"]
[Round "6"]
[White "SONOFHOLYGOD"]
[Black "oskariot"]
[Result "0-1"]
[WhiteElo "2515"]
[BlackElo "2692"]
[TimeControl "180+2"]
[EndTime "14:19:21 PST"]
[Termination "oskariot won by resignation"]

1. d4 Nf6 2. c4 c5 3. d5 b5 4.
cxb5 a6 5. bxa6 g6 6. Nc3 Bxa6 7. e4 Bxf1 8. Kxf1 d6 9. g3 Bg7 10. Kg2 O-O 11. Nge2 Nbd7 12. Qc2 Qa5 13. Bd2 Rfb8 14. Rhb1 Ng4 15. a4 c4 16. Nb5 Qb6 17. Be1 Nde5 18. h3 Qe3 19. Ng1 Nd3 20. hxg4 Qxe4+ 21. f3 Nxe1+ 0-1

[Event "*** Titled Tuesday Blitz"]
[Site "Chess.com"]
[Date "2019.12.03"]
[Round "6"]
[White "MateSchmate"]
[Black "albano87"]
[Result "0-1"]
[WhiteElo "2298"]
[BlackElo "2099"]
[TimeControl "180+2"]
[EndTime "14:19:52 PST"]
[Termination "albano87 won by checkmate"]

1. e4 c5 2. Nf3 Nc6 3. d4 cxd4 4. Nxd4 Nf6 5. Nc3 d6 6. Bg5 Bd7 7. f4 h6 8. Bh4 Qb6 9. Nb3 Qe3+ 10. Be2 Nxe4 11.
Nxe4 Qxe4 12. O-O g5 13. Bf3 Qe3+ 14. Bf2 Qxf4 15. Nd4 Bg7 16. c3 O-O 17. g3 Qe5 18.
Re1 Qf6 19. Nxc6 Bxc6 20. Bxc6 bxc6 21. Bd4 e5 22. Be3 Qe6 23. Qf3 d5 24. Bc5 f5 25. Bxf8 Rxf8 26. Rad1 e4 27. Qh5 f4 28. gxf4 gxf4 29. Kh1 f3 30. Rg1 e3 31. Rg6 Qe4 32.
Rxg7+ Kxg7 33. Rg1+ Kh7 34. Rg4 f2+ 35. Rxe4 f1=Q# 0-1

[Event "*** Titled Tuesday Blitz"]
[Site "Chess.com"]
[Date "2019.12.03"]
[Round "6"]
[White "saraswathii"]
[Black "Niklas2304"]
[Result "1-0"]
[WhiteElo "2247"]
[BlackElo "2346"]
[TimeControl "180+2"]
[EndTime "14:19:57 PST"]
[Termination "saraswathii won by resignation"]

1. e4 c5 2. Nf3 d6 3. d3 Nc6 4.
g3 Bg4 5. Bg2 Nd4 6. Nbd2 g6 7.
c3 Nc6 8. h3 Bxf3 9. Nxf3 Bg7 10. Qb3 Qb6 11. Be3 Nf6 12. O-O O-O 13. Nd2 Nd7 14.
Nc4 Qc7 15. Rfd1 Rab8 16. a4 Nde5 17. d4 cxd4 18. cxd4 Nxc4 19. Qxc4 Qd7 20. Rac1 Rfc8 21. Qe2 b6 22. Qf3 Nxd4 23. Rxc8+ Qxc8 24. Bxd4 Qc1 25. Rxc1 1-0

[Event "*** Titled Tuesday Blitz"]
[Site "Chess.com"]
[Date "2019.12.03"]
[Round "6"]
[White "Elshan1985"]
[Black "SCIM"]
[Result "1-0"]
[WhiteElo "2737"]
[BlackElo "2516"]
[TimeControl "180+2"]
[EndTime "14:19:59 PST"]
[Termination "Elshan1985 won by resignation"]

1. c4 g6 2. Nc3 c5 3. Nf3 Nc6 4. e3 Bg7 5. d4 cxd4 6. exd4 Nf6 7. d5 Nb8 8. Be3 d6 9. h3 O-O 10. Bd3 Nbd7 11. O-O Ne5 12. Nxe5 dxe5 13. Qb3 b6 14. Rfd1 Bd7 15. a4 Rc8 16. a5 bxa5 17. Qa3 e4 18. Bf1 Ne8 19. Nxe4 Rb8 20. Qxa5 Qxa5 21. Rxa5 Bxb2 22.
Rxa7 Bf5 23. Rxe7 Nf6 24. Nxf6+ Bxf6 25. Ra7 Bc2 26. Rc1 Be4 27. d6 Rfd8 28. c5 Bc6 29.
Bc4 Rd7 30. Rxd7 Bxd7 31. Bd5 Bb2 32. Rd1 Ba4 33. Rb1 Bc2 34. Rxb2 Rxb2 35. d7 Rb8 36. Bg5 1-0

[Event "*** Titled Tuesday Blitz"]
[Site "Chess.com"]
[Date "2019.12.03"]
[Round "6"]
[White "MajorCoast"]
[Black "Region_07"]
[Result "0-1"]
[WhiteElo "2129"]
[BlackElo "2370"]
[TimeControl "180+2"]
[EndTime "14:20:08 PST"]
[Termination "Region_07 won by checkmate"]

1. d4 f5 2. e4 fxe4 3. Nc3 Nf6 4. Bg5 c6 5. f3 e3 6. Bxe3 d5 7. Bd3 Nbd7 8. Nge2 e5 9. dxe5 Nxe5 10. O-O Bd6 11.
Bf4 O-O 12. Qd2 Qc7 13. Bg3 Bd7 14. Rae1 Rae8 15. Nd4 Nxd3 16. Bxd6 Qxd6 17. Qxd3 a6 18. Nf5 Qc5+ 19. Kh1 d4 20. Ne2 Bxf5 21. Qb3+ Kh8 22. Qxb7 Bxc2 23. Nf4 Qd6 24. Rc1 d3 25. Nh3 d2 26.
Rxc2 d1=Q 27. Rxc6 Qxf1+ 28. Ng1 Qdd1 29. Qb6 Qxg1+ 30.
Qxg1 Re1 31. Rxf6 Rxg1# 0-1

[Event "*** Titled Tuesday Blitz"]
[Site "Chess.com"]
[Date "2019.12.03"]
[Round "6"]
[White "vpantev"]
[Black "Radzio1987"]
[Result "0-1"]
[WhiteElo "2591"]
[BlackElo "2863"]
[TimeControl "180+2"]
[EndTime "14:20:22 PST"]
[Termination "Radzio1987 won by checkmate"]

1. d4 Nf6 2. Bf4 g6 3. e3 Bg7 4. Be2 d6 5. Nf3 O-O 6. c4 b6 7. Nc3 Bb7 8. Qc2 Nbd7 9. O-O e6 10. e4 Qe7 11. h3 e5 12. dxe5 dxe5 13. Be3 c6 14. Rfd1 Rfd8 15. Rab1 Nh5 16. b4 Nf4 17.
Bf1 Ne6 18. b5 Ndc5 19. bxc6 Bxc6 20. Nd5 Qb7 21. Qb2 Nxe4 22. Nxe5 Bxd5 23. cxd5 Rxd5 24. f4 Rad8 25. Rxd5 Qxd5 26. Bc4 Qxc4 27. Nxc4 Bxb2 28. Rxb2 Rd1+ 29. Kh2 h5 30. g4 Nf6 31. Kg3 Nd5 32. Bd2 Nc5 33. Kf3 hxg4+ 34. hxg4 Rh1 35. Kg2 Rd1 36. Kf3 Kf8 37. f5 gxf5 38. gxf5 Rf1+ 39. Kg4 Nf6+ 40. Kg5 Nce4+ 41. Kh4 Rh1# 0-1

[Event "*** Titled Tuesday Blitz"]
[Site "Chess.com"]
[Date "2019.12.03"]
[Round "6"]
[White "vugarrasulov"]
[Black "Bigfish1995"]
[Result "0-1"]
[WhiteElo "2787"]
[BlackElo "2997"]
[TimeControl "180+2"]
[EndTime "14:20:26 PST"]
[Termination "Bigfish1995 won by checkmate"]

1. e4 e5 2. Nf3 Nc6 3. Bb5 a6 4. Ba4 Nf6 5. O-O b5 6. Bb3 Bc5 7. Nxe5 Nxe5 8. d4 Bxd4 9. Qxd4 d6 10. f4 Nc6 11. Qc3 Bb7 12. e5 Ne4 13. Qe3 Ne7 14. exd6 Nf5 15. Qd3 Nfxd6 16. Nc3 O-O 17. Nxe4 Bxe4 18. Qg3 c5 19. c3 Re8 20. Qf2 Bd3 21. Re1 Ne4 22. Qf3 c4 23. Bd1 Nxc3 24. Be3 Nd5 25. Bf2 Qd6 26. g3 Rxe1+ 27. Bxe1 Re8 28.
Bf2 h6 29. a4 Qb4 30. Qxd5 Re1+ 31. Bxe1 Qxe1+ 32. Kg2 Qf1# 0-1

[Event "*** Titled Tuesday Blitz"]
[Site "Chess.com"]
[Date "2019.12.03"]
[Round "6"]
[White "scrapnel"]
[Black "Kildepiotr"]
[Result "1-0"]
[WhiteElo "2701"]
[BlackElo "2521"]
[TimeControl "180+2"]
[EndTime "14:20:34 PST"]
[Termination "scrapnel won by resignation"]

1. Nf3 g6 2. e4 Bg7 3. d4 c6 4. c3 d6 5. Bd3 Nd7 6. O-O e5 7. Nbd2 Ngf6 8. Nc4 Qe7 9. a4 O-O 10. Re1 Re8 11. dxe5 Nxe5 12. Nfxe5 dxe5 13. b3 Qc7 14. Bf1 Rd8 15. Qf3 Ne8 16. Ba3 Be6 17. Qe3 f6 18. Rad1 b6 19. h4 h5 20. Be2 Bf8 21. Qg3 Qg7 22.
Bxf8 Kxf8 23. f4 Bxc4 24. Bxc4 Nd6 25. fxe5 fxe5 26. Rf1+ Ke7 27. Qg5+ Kd7 28. Rf7+ 1-0

[Event "*** Titled Tuesday Blitz"]
[Site "Chess.com"]
[Date "2019.12.03"]
[Round "6"]
[White "ferdipy"]
[Black "chesstatour"]
[Result "1-0"]
[WhiteElo "2191"]
[BlackElo "1949"]
[TimeControl "180+2"]
[EndTime "14:20:37 PST"]
[Termination "ferdipy won on time"]

1. e4 c6 2. d4 d5 3. exd5 cxd5 4. Bd3 Nc6 5. c3 Qc7 6. Nf3 Bg4 7. Bg5 e6 8. Nbd2 Bd6 9. Bh4 Nge7 10. Bg3 O-O 11. Qc2 h6 12. Ne5 Nxe5 13. dxe5 Bxe5 14. Nf3 Bxf3 15. gxf3 Rac8 16. Rc1 Bf4 17. Rd1 Nc6 18. Qe2 Qe5 19. Qxe5 Bxe5 20. f4 Bf6 21. Ke2 Rfe8 22. Kf3 Na5 23. Rd2 Nc4 24. Re2 a6 25. Kg2 Rc6 26.
Rhe1 Rb6 27. b3 Na3 28. Rc1 Rc6 29. c4 dxc4 30. bxc4 Rec8 31. f5 Nxc4 32. fxe6 1-0

[Event "*** Titled Tuesday Blitz"]
[Site "Chess.com"]
[Date "2019.12.03"]
[Round "6"]
[White "Zq1"]
[Black "Sunrise777"]
[Result "1-0"]
[WhiteElo "2544"]
[BlackElo "2687"]
[TimeControl "180+2"]
[EndTime "14:20:41 PST"]
[Termination "Zq1 won by resignation"]

1. d4 Nf6 2. c4 c5 3. Nf3 cxd4 4. Nxd4 Nc6 5. Nc3 e6 6. a3 Bc5 7. Nb3 Be7 8. e4 d6 9. Be2 b6 10. O-O Bb7 11. Be3 O-O 12. Rc1 Rc8 13. f3 Ne5 14. Qd4 Nfd7 15. Nb5 Nc5 16. Nxc5 bxc5 17. Qd2 a6 18.
Nc3 Nc6 19. Rfd1 Qb6 20. b4 Rfd8 21. Na4 Qc7 22. Qe1 cxb4 23. axb4 Nxb4 24. Qxb4 d5 25. Qb6 dxc4 26. Rxd8+ Bxd8 27. Qxc7 Rxc7 28. Bb6 Bg5 29.
Bxc7 1-0

[Event "*** Titled Tuesday Blitz"]
[Site "Chess.com"]
[Date "2019.12.03"]
[Round "6"]
[White "ChessWarrior7197"]
[Black "2nd_life"]
[Result "1-0"]
[WhiteElo "2910"]
[BlackElo "2476"]
[TimeControl "180+2"]
[EndTime "14:20:46 PST"]
[Termination "ChessWarrior7197 won by resignation"]

1. e4 e5 2. Nf3 Nc6 3. Bb5 a6 4. Ba4 Nf6 5. O-O Be7 6. Re1 b5 7. Bb3 d6 8. c3 O-O 9. h3 Bb7 10. d4 Re8 11. Nbd2 Bf8 12. d5 Nb8 13. Nf1 h6 14. Ng3 c6 15. dxc6 Bxc6 16. Nh4 d5 17. exd5 Bxd5 18. Nhf5 Bxb3 19. axb3 Qxd1 20. Rxd1 Nc6 21.
Be3 a5 22. Nd6 Reb8 23. Kf1 Ne8 24. Nxe8 Rxe8 25. Rd5 b4 26. c4 g6 27. Ne4 Bg7 28. Nd6 Re7 29. Rad1 f5 30. Bc5 Re6 31. Nb5 e4 32. Nc7 Ree8 33. Nxa8 Rxa8 34. Rd6 Rc8 35. Rxg6 Ne5 36. Rxg7+ Kxg7 37. Rd5 Nd3 38. Bd4+ Kg6 39.
Rd6+ Kg5 40. g3 f4 41. gxf4+ Nxf4 42. Be3 Kf5 43. Bxf4 Kxf4 44. Rxh6 a4 45. Rb6 axb3 46. Rxb4 Kf3 47. Rxb3+ Kf4 48. Rc3 1-0

[Event "*** Titled Tuesday Blitz"]
[Site "Chess.com"]
[Date "2019.12.03"]
[Round "6"]
[White "Fiona"]
[Black "1g41-0"]
[Result "0-1"]
[WhiteElo "2019"]
[BlackElo "2382"]
[TimeControl "180+2"]
[EndTime "14:20:49 PST"]
[Termination "1g41-0 won by resignation"]

1. e4 c5 2. Nc3 Nc6 3. f4 g6 4. Nf3 Bg7 5. Bb5 Nd4 6. O-O a6 7. Bd3 d6 8. Nxd4 cxd4 9. Ne2 Nf6 10. c3 dxc3 11. dxc3 O-O 12. Qe1 d5 13. e5 Ne4 14.
Nd4 Bf5 15. Nxf5 gxf5 16. Qh4 e6 17. Qh5 Qb6+ 18. Kh1 Nf2+ 19. Rxf2 Qxf2 20. Qd1 b5 21. Bd2 Rac8 22. Qc2 Rfd8 23. Rf1 Qc5 24. Qd1 d4 25. Rf3 dxc3 26. bxc3 Qd5 27. Rg3 Qxa2 28. h3 Rc7 29.
Qh5 Rxd3 30. Rxg7+ Kxg7 31. Qg5+ Kf8 32. Qh6+ Ke8 33.
Qg7 Rxd2 34. Qg8+ Ke7 35. Qg5+ Kd7 36. Qg8 Kc6 37. Qa8+ Kc5 0-1

[Event "*** Titled Tuesday Blitz"]
[Site "Chess.com"]
[Date "2019.12.03"]
[Round "6"]
[White "wnstop"]
[Black "sergoy"]
[Result "0-1"]
[WhiteElo "2674"]
[BlackElo "2900"]
[TimeControl "180+2"]
[EndTime "14:20:52 PST"]
[Termination "sergoy won by resignation"]

1. e4 c5 2. Nf3 d6 3. Bb5+ Nd7 4. a4 Nf6 5. Nc3 g6 6. a5 Bg7 7. a6 O-O 8. O-O Qb6 9. axb7 Bxb7 10. d3 a6 11. Ba4 Qc7 12. h3 c4 13. Re1 Nc5 14.
Be3 Nxa4 15. Nxa4 cxd3 16. cxd3 Bc6 17. Rc1 Qb7 18. Nb6 Rab8 19. Nd4 Be8 20. Nb3 Rd8 21. Na5 Qb8 22. Nc6 Bxc6 23. Rxc6 Nd7 24. Qc2 Nc5 25. Nd5 e6 26. Ne7+ Kh8 27. Bxc5 dxc5 28. Qxc5 Qxb2 29.
Qc2 Qb4 0-1

[Event "*** Titled Tuesday Blitz"]
[Site "Chess.com"]
[Date "2019.12.03"]
[Round "6"]
[White "francyIM"]
[Black "Alexander_Moskalenko"]
[Result "1-0"]
[WhiteElo "2609"]
[BlackElo "2817"]
[TimeControl "180+2"]
[EndTime "14:20:54 PST"]
[Termination "francyIM won on time"]

1. d4 Nf6 2. c4 e6 3. Nc3 Bb4 4. f3 Nh5 5. Nh3 f5 6. Nf2 d6 7. e3 O-O 8. Bd2 c5 9. a3 Bxc3 10. Bxc3 Nc6 11. dxc5 dxc5 12. Qxd8 Rxd8 13. Be2 b6 14. Rg1 Nf6 15. g4 fxg4 16. Nxg4 Nxg4 17. Rxg4 g6 18. h4 e5 19. Rg5 Nd4 20. exd4 exd4 21. Bd2 Re8 22. Kf2 Bf5 23. Rag1 Kf7 24. f4 a5 25. Bf3 Bd3 26. R1g3 Bxc4 27. b3 Bb5 28. a4 Ba6 29. h5 Rad8 30. hxg6+ hxg6 31. Rxg6 Bd3 32.
Rxb6 Rh8 33. Rb7+ Kf6 34. Rb6+ Kf7 35. Bg2 Bc2 36. Rg5 Rde8 37. Bd5+ Ke7 38. Rg7+ Kf8 39. Rf7+ 1-0

[Event "*** Titled Tuesday Blitz"]
[Site "Chess.com"]
[Date "2019.12.03"]
[Round "6"]
[White "kacprekt"]
[Black "Quiet_Desperation"]
[Result "0-1"]
[WhiteElo "2331"]
[BlackElo "2495"]
[TimeControl "180+2"]
[EndTime "14:20:57 PST"]
[Termination "Quiet_Desperation won by resignation"]

1. d4 Nf6 2. c4 e6 3. Nc3 Bb4 4. Bf4 O-O 5. Qb3 Nc6 6. e3 a5 7. a3 a4 8. Qc2 Be7 9. Nxa4 d5 10. Nc3 Bd6 11. Bg3 dxc4 12. Bxc4 e5 13. O-O-O exd4 14. exd4 Bg4 15. Nf3 Re8 16. Ne5 Bxd1 17.
Rxd1 Rf8 18. Qb3 Qe7 19. Qxb7 Nxe5 20. dxe5 Bxe5 21. f4 Bxc3 22. bxc3 Qxa3+ 23. Kc2 Rab8 24. Qxc7 Qb2+ 25. Kd3 Rbd8+ 26. Ke3 Rxd1 27. Bxf7+ Rxf7 28. Qc8+ Rf8 29. Qc4+ Kh8 0-1

[Event "*** Titled Tuesday Blitz"]
[Site "Chess.com"]
[Date "2019.12.03"]
[Round "6"]
[White "Micki-taryan"]
[Black "Vuk2000"]
[Result "1-0"]
[WhiteElo "2993"]
[BlackElo "2765"]
[TimeControl "180+2"]
[EndTime "14:20:58 PST"]
[Termination "Micki-taryan won by resignation"]

1. Nf3 Nf6 2. g3 e6 3. Bg2 d5 4. O-O Be7 5. d3 O-O 6. Nbd2 b5 7. e4 c5 8. Re1 Nc6 9. a3 Bb7 10. e5 Nd7 11. Nf1 a5 12. h4 b4 13. h5 bxa3 14.
bxa3 c4 15. d4 Na7 16. a4 Bc6 17. c3 Nb6 18. N1h2 Qd7 19. h6 g6 20. Bg5 Bxa4 21.
Qd2 Bb3 22. Rxa5 Nc6 23. Rxa8 Rxa8 24. Ng4 Ra2 25. Qf4 Qe8 26. Bxe7 Qxe7 27. Nf6+ Kh8 28. Ng5 Nd8 29. Ngxh7 Na4 30. Re3 Rc2 31. Qf3 Rd2 32. Ng5 Bd1 33. Qf4 Bc2 34. h7 Qf8 35. Ng4 Qg7 36.
Nh6 Qxh6 37. Qf6+ 1-0

[Event "*** Titled Tuesday Blitz"]
[Site "Chess.com"]
[Date "2019.12.03"]
[Round "6"]
[White "Konavets"]
[Black "vlad10898"]
[Result "1-0"]
[WhiteElo "2904"]
[BlackElo "2684"]
[TimeControl "180+2"]
[EndTime "14:21:03 PST"]
[Termination "Konavets won on time"]

1. Nf3 c5 2. e4 d6 3. d4 cxd4 4. Nxd4 Nf6 5. Nc3 a6 6. Bg5 Nbd7 7. f4 Qc7 8. Qf3 b5 9. e5 Bb7 10. exd6 Qb6 11. Qf2 e6 12. O-O-O Bxd6 13. Bh4 b4 14. Na4 Qc7 15. Kb1 Bxf4 16. Bd3 O-O 17. Rhf1 Nd5 18. Bg3 Bxg3 19. hxg3 N7f6 20. g4 Nxg4 21. Qh4 Ngf6 22. g4 h6 23. g5 hxg5 24. Qxg5 g6 25. Nc5 Qxc5 26. Qh4 Kg7 27. Bxg6 Rh8 28. Qg3 Kf8 29.
Be4 Nxe4 30. Qg6 Nef6 31. Rxf6 Nxf6 32. Qxf6 Qxd4 33. Qxd4 1-0

[Event "*** Titled Tuesday Blitz"]
[Site "Chess.com"]
[Date "2019.12.03"]
[Round "6"]
[White "Glufs"]
[Black "ehrenfeld"]
[Result "0-1"]
[WhiteElo "2383"]
[BlackElo "2564"]
[TimeControl "180+2"]
[EndTime "14:21:04 PST"]
[Termination "ehrenfeld won by resignation"]

1. Nf3 f5 2. g3 Nf6 3. Bg2 g6 4. b4 Bg7 5. Bb2 O-O 6. O-O a5 7. b5 d6 8. d4 Nbd7 9. c4 e5 10.
dxe5 Ng4 11. Nc3 Ngxe5 12. Nd4 Nc5 13. a4 Kh8 14. Bd5 Bd7 15. Nb3 c6 16. bxc6 bxc6 17.
Nxc5 dxc5 18. Bg2 Nxc4 19. Qc2 Nxb2 20. Qxb2 Rb8 21. Qc2 Qe7 22. e3 Rb6 23. Rad1 Rfb8 24. Qd2 Be6 25. Qd6 Qxd6 26. Rxd6 Bc4 27. Rc1 Bxc3 0-1

[Event "*** Titled Tuesday Blitz"]
[Site "Chess.com"]
[Date "2019.12.03"]
[Round "6"]
[White "Squirlolz"]
[Black "Indianlad"]
[Result "1-0"]
[WhiteElo "2638"]
[BlackElo "2873"]
[TimeControl "180+2"]
[EndTime "14:21:11 PST"]
[Termination "Squirlolz won by resignation"]

1. e4 e5 2. Nf3 Nc6 3. Bb5 a6 4. Ba4 d6 5. O-O Bd7 6. c4 g5 7.
Bxc6 bxc6 8. d4 g4 9. Ne1 exd4 10.
Qxd4 Qf6 11. Qd3 Ne7 12. Nc3 Ng6 13. f4 Bg7 14. Be3 O-O 15. Rd1 Rfe8 16. Qe2 h5 17. Nd3 Qe7 18. f5 Ne5 19. Nf4 Qh4 20. g3 Nf3+ 21.
Qxf3 gxf3 22. gxh4 Bxc3 23. bxc3 Rxe4 24. Rxf3 Bxf5 25.
Nxh5 Re5 26. Bd4 Ra5 27. Rg3+ Kh7 28. Nf6+ Kh8 29. Rg5 c5 30. Rxf5 Rxa2 31. Rh5+ Kg7 32. Rg5+ Kh6 33. Ng4+ Kh7 34. Nf6+ Kh6 35. Ng4+ Kh7 36.
Rg7+ Kh8 37. Bf6 Rg8 38. Rxg8+ Kxg8 39. Re1 Kh7 40. h5 1-0

[Event "*** Titled Tuesday Blitz"]
[Site "Chess.com"]
[Date "2019.12.03"]
[Round "6"]
[White "davigator"]
[Black "Kumi29"]
[Result "0-1"]
[WhiteElo "2305"]
[BlackElo "2482"]
[TimeControl "180+2"]
[EndTime "14:21:16 PST"]
[Termination "Kumi29 won by resignation"]

1. e4 e5 2. Nf3 Nc6 3. Bb5 a6 4. Ba4 f5 5. d3 fxe4 6. dxe4 Nf6 7. O-O Bc5 8. Nc3 d6 9. Bg5 O-O 10. Nd5 Kh8 11. c3 Be6 12. Bc2 Bxd5 13. exd5 Ne7 14. c4 Qe8 15. Nd2 h6 16. Bxf6 gxf6 17.
Ne4 Ba7 18. Qd2 Qh5 19. Ng3 Qg5 20. Qb4 f5 21. Kh1 Rg8 22. Qxb7 f4 23. Qxc7 fxg3 24. fxg3 Bc5 25. Rf7 Rg7 26. Rxg7 Kxg7 27. b4 Bxb4 28. Qb7 Bc3 29. Rb1 Rf8 30. Qxa6 Qd2 31. Be4 Qe3 32.
Qb7 Qxe4 33. Rg1 Rf7 34. a4 Bd4 35. Rd1 Qe2 36. Rb1 Qf1+ 0-1

[Event "*** Titled Tuesday Blitz"]
[Site "Chess.com"]
[Date "2019.12.03"]
[Round "6"]
[White "Supernotar"]
[Black "TigrVShlyape"]
[Result "1/2-1/2"]
[WhiteElo "2641"]
[BlackElo "2840"]
[TimeControl "180+2"]
[EndTime "14:21:20 PST"]
[Termination "Game drawn by repetition"]

1. d4 Nf6 2. c4 g6 3. Nc3 d5 4. cxd5 Nxd5 5. e4 Nxc3 6. bxc3 Bg7 7. Nf3 c5 8. Be3 Qa5 9. Qd2 cxd4 10. cxd4 Nc6 11. Rc1 O-O 12. d5 Qxd2+ 13. Kxd2 Rd8 14. Ke1 Ne5 15. Nxe5 Bxe5 16. f4 Bd6 17. Kf2 e5 18. g3 Bd7 19. Bd3 f6 20. Bc5 Bxc5+ 21. Rxc5 Rdc8 22.
Rhc1 Rxc5 23. Rxc5 Rc8 24. Rxc8+ Bxc8 25. Ke3 Kf8 26.
fxe5 fxe5 27. Kd2 Ke7 28. Kc3 Kd6 29. Kb4 g5 30. a4 Bg4 31. a5 Bf3 32. Kb5 h6 33.
Kb4 Bg2 34. Kb5 Bh3 35. Kb4 Bd7 36. Bb5 Bc8 37. Bd3 Kc7 38. Kc5 b6+ 39. axb6+ axb6+ 40. Kb5 Bg4 41. Kb4 Bf3 42. Kb5 Bd1 43. Kb4 Bg4 44. Kb5 Bd7+ 45. Kb4 Kd6 46. Bb5 Bh3 47.
Bd3 Bg4 48. Kb5 Kc7 49. Kb4 Bh5 50. Kb5 Bg6 51. Kb4 Be8 52. Bb5 Bg6 53. Bd3 Be8 54.
Bb5 Bg6 55. Bd3 1/2-1/2

[Event "*** Titled Tuesday Blitz"]
[Site "Chess.com"]
[Date "2019.12.03"]
[Round "6"]
[White "petincash"]
[Black "visa"]
[Result "1-0"]
[WhiteElo "2429"]
[BlackElo "2258"]
[TimeControl "180+2"]
[EndTime "14:21:21 PST"]
[Termination "petincash won by resignation"]

1. e4 d6 2. d4 Nf6 3. Nc3 e5 4. Nge2 Nbd7 5. g3 c6 6. Bg2 Qc7 7. O-O Be7 8. a4 O-O 9. a5 Rb8 10. h3 b6 11. axb6 axb6 12. d5 Bb7 13. dxc6 Bxc6 14.
b4 Ra8 15. Be3 Rxa1 16. Qxa1 Ra8 17. Qb2 Qa7 18. Nd5 Nxd5 19. exd5 Bb5 20. Re1 Qa3 21. Qxa3 Rxa3 22. Bc1 Ra2 23. Nc3 Bc4 24. Nxa2 Bxa2 25. Be3 f5 26. Ra1 Bc4 27. Ra7 Bb5 28. c4 1-0

[Event "*** Titled Tuesday Blitz"]
[Site "Chess.com"]
[Date "2019.12.03"]
[Round "6"]
[White "Godzillator"]
[Black "AliKa2810"]
[Result "0-1"]
[WhiteElo "2360"]
[BlackElo "2545"]
[TimeControl "180+2"]
[EndTime "14:21:24 PST"]
[Termination "AliKa2810 won by resignation"]

1. d4 Nf6 2. c4 g6 3. Nc3 Bg7 4. e4 d6 5. Be2 O-O 6. Bg5 h6 7. Be3 e5 8. d5 Na6 9. f3 Nc5 10. Qd2 a5 11. Bd1 c6 12. Nge2 cxd5 13. cxd5 Bd7 14.
O-O Kh7 15. Bc2 b5 16. a3 b4 17. axb4 axb4 18. Rxa8 Qxa8 19. Nd1 Bb5 20. Re1 Rb8 21. Nf2 Nfd7 22. Nd3 Qa6 23. Nxc5 dxc5 24. b3 c4 25.
bxc4 Bxc4 26. Nc1 b3 27. Bb1 Bf8 28. Nd3 b2 29. Rd1 Qa3 30. Bf2 Rb3 31. Ne1 Bb4 32. Qc2 Rc3 33. Qd2 Rc1 34. Nc2 Bxd2 0-1

[Event "*** Titled Tuesday Blitz"]
[Site "Chess.com"]
[Date "2019.12.03"]
[Round "6"]
[White "CaptainCasanova"]
[Black "kesarev"]
[Result "1-0"]
[WhiteElo "2688"]
[BlackElo "2485"]
[TimeControl "180+2"]
[EndTime "14:21:30 PST"]
[Termination "CaptainCasanova won by resignation"]

1. e4 g6 2. d4 Bg7 3. Nc3 c5 4. d5 d6 5. Nf3 Nf6 6. h3 O-O 7. Be3 e6 8. Be2 exd5 9. exd5 Re8 10. Nd2 Nbd7 11. O-O a6 12. a4 b6 13. Nc4 Ne5 14. Nxe5 Rxe5 15. Bf4 Re7 16. Re1 Ne4 17.
Nxe4 Rxe4 18. Bc1 Rb8 19. c3 Qe8 20. Be3 Bb7 21. Bf3 Re7 22. Qd2 Qd7 23. Bg5 f6 24.
Bg4 Qc7 25. Rxe7 Qxe7 26. Re1 Qf8 27. Be6+ Kh8 28. Bf4 Rd8 29. g4 Bc8 30. Bg3 f5 31. gxf5 gxf5 32. Qg5 Re8 33. Qh5 Re7 34. Bxd6 Rxe6 35.
Rxe6 Qg8 36. Re8 Bf8+ 37. Kf1 1-0

[Event "*** Titled Tuesday Blitz"]
[Site "Chess.com"]
[Date "2019.12.03"]
[Round "6"]
[White "kuli4ik"]
[Black "Eltaj_Safarli"]
[Result "0-1"]
[WhiteElo "2822"]
[BlackElo "3000"]
[TimeControl "180+2"]
[EndTime "14:21:33 PST"]
[Termination "Eltaj_Safarli won by resignation"]

1. d4 Nf6 2. Bg5 g6 3. Bxf6 exf6 4. g3 f5 5. e3 d6 6. Bg2 Nd7 7. Ne2 h5 8. h4 Nf6 9. Nd2 Bh6 10. c4 O-O 11.
O-O Re8 12. Nf4 Ng4 13. Nf3 c6 14. b4 Bd7 15. a4 a6 16. Qb3 Nf6 17. b5 axb5 18.
cxb5 Ne4 19. Rfc1 Bxf4 20. exf4 Qf6 21. Qb4 c5 22. dxc5 dxc5 23. Qb3 Be6 24. Qc2 Bd5 25. a5 Rad8 26. a6 bxa6 27. bxa6 Ba8 28. a7 Qe7 29. Rd1 Rxd1+ 30. Qxd1 c4 31. Ng5 c3 32. Qc2 Qc5 33.
Bxe4 fxe4 34. Qb3 Rf8 35. Qa3 Qd4 36. Qc1 c2 37. f5 e3 38. fxe3 Qg4 39. Kf2 Qxf5+ 40.
Kg1 Rd8 41. e4 Rd1+ 42. Qxd1 cxd1=Q+ 43. Rxd1 Qc5+ 44. Kh2 Qc2+ 0-1

[Event "*** Titled Tuesday Blitz"]
[Site "Chess.com"]
[Date "2019.12.03"]
[Round "6"]
[White "Gabrielian_Artur"]
[Black "Kimster98"]
[Result "1-0"]
[WhiteElo "2790"]
[BlackElo "2560"]
[TimeControl "180+2"]
[EndTime "14:21:36 PST"]
[Termination "Gabrielian_Artur won by resignation"]

1. e4 e5 2. Nf3 Nf6 3. Nxe5 d6 4.
Nf3 Nxe4 5. Qe2 Qe7 6. d3 Nf6 7. Nc3 Nc6 8. Be3 Bg4 9. h3 Be6 10. O-O-O O-O-O 11. d4 d5 12. Ne5 Nxe5 13. dxe5 Ne4 14. Nxe4 dxe4 15. Bxa7 Rxd1+ 16. Qxd1 Qg5+ 17. Kb1 Qxe5 18. Bd4 Qd5 19. c4 Qd7 20. Be2 f5 21. Bc3 Bc5 22. f3 Qxd1+ 23. Rxd1 exf3 24. Bxf3 Rg8 25. Bd5 Re8 26. Re1 Kd7 27. Rd1 Kc8 28. Bxe6+ Rxe6 29. Rd5 Bd6 30. Rxf5 g6 31. Rf7 Re7 32. Rxe7 Bxe7 33.
Kc2 Kd7 34. Kd3 Ke6 35. g4 h5 36. Ke4 hxg4 37. hxg4 Bd6 38. b4 c6 39. a4 Kd7 40.
b5 cxb5 41. cxb5 Bg3 42. a5 Kc8 43. Kd5 Kd7 44. a6 bxa6 45. bxa6 Kc8 46. Be5 Bh4 47. Kc6 Bf2 48. Bc7 g5 49. Bb6 Bg3 50. a7 Bb8 51.
axb8=Q+ 1-0